 Dungeon Crawl Stone Soup version 0.31-a0-229-g1fc7ce93e2 (webtiles) character file.

Game seed: 10550977222307635700

786 qw the Shooter (level 7, -12/44 HPs)
             Began as a Gargoyle Hexslinger on July 6, 2023.
             Mangled by an ogre
             ... wielding a +0 giant club
              (21 damage)
             ... on level 5 of the Dungeon.
             The game lasted 00:01:34 (3403 turns).

qw the Shooter (Gargoyle Hexslinger)                Turns: 3403, Time: 00:01:34

Health: -12/44     AC: 17    Str: 11    XL:     7   Next: 86%
Magic:  8/8        EV: 10    Int: 14    God:
Gold:   31         SH:  0    Dex: 14    Spells: 7/8 levels left

rFire   . . .        Y - +2 sling
rCold   + . .        (no shield)
rNeg    + . .        d - +2 ring mail {rC+}
rPois   inf          (no helmet)
rElec   +            (no cloak)
rCorr   .            (no gloves)
SInv    .            h - +0 pair of boots
Will    .....        (no amulet)
Stlth   +            b - +4 ring of protection
HPRegen 0.27/turn    (no ring)
MPRegen 0.11/turn

%: no passive effects
@: no status effects
A: sickness immunity, AC +4, negative energy resistance 1, electricity
resistance, torment resistance 1, petrification resistance
a: no special abilities


You were on level 5 of the Dungeon.
You visited 1 branch of the dungeon, and saw 5 of its levels.

You collected 79 gold pieces.
You spent 48 gold pieces at shops.


Innate Abilities, Weirdness & Mutations

You are immune to sickness and miasma.
Your stone body is resilient. (AC +4)
You are immune to poison.
You resist negative energy. (rN+)
You are resistant to electric shocks. (rElec)
You are resistant to unholy torment.
You are immune to petrification.


   Skills:
 - Level 4.3 Fighting
 + Level 7.6 Ranged Weapons
 - Level 1.0 Armour
 - Level 1.5 Dodging
 - Level 1.0 Spellcasting
 - Level 2.6 Hexes


You had 7 spell levels left.
You knew the following spells:

 Your Spells              Type           Power      Damage    Failure   Level
a - Slow                  Hex            32%        N/A       21%         1

Your spell library contained the following spells:

 Spells                   Type           Power      Damage    Failure   Level
 Inner Flame              Hex/Fire       4%         N/A       71%         3
 Portal Projectile        Hex/Tloc       8%         N/A       71%         3
 Cause Fear               Hex            4%         N/A       90%         4

Inventory:

Hand Weapons
 Y - a +2 sling (weapon)
Armour
 d - a +2 ring mail of cold resistance (worn)
 h - a +0 pair of boots (worn)
Jewellery
 b - a +4 ring of protection (left hand)
Scrolls
 e - 2 scrolls of identify
Potions
 a - a potion of might
 c - a potion of cancellation
 g - a potion of curing
 i - a potion of invisibility {unknown}

Dungeon Overview and Level Annotations

Branches:
Dungeon (5/15)
 Temple: D:4-7

Altars:
Hepliaklqana
Makhleb
Xom

Shops:
D:2 [[(?   D:4 *

Annotations:
D:3 1 runed translucent door, Crazy Yiuf
D:5 Duvessa


Message History

Duvessa goes berserk!
Duvessa hits you but does no damage. x2
You shoot a sling bullet. The sling bullet hits Duvessa.
Duvessa is lightly wounded.
Duvessa hits you with a +0 short sword! Duvessa barely misses you.
You shoot a sling bullet. The sling bullet hits Duvessa.
Duvessa is lightly wounded.
Duvessa barely misses you. x2
You shoot a sling bullet.
The sling bullet hits Duvessa but does no damage.
Duvessa is lightly wounded.
Duvessa hits you but does no damage.
You shoot a sling bullet.
The sling bullet hits Duvessa but does no damage.
Duvessa is lightly wounded.
Duvessa hits you but does no damage. x2
You shoot a sling bullet. The sling bullet hits Duvessa.
Duvessa is lightly wounded.
Duvessa hits you but does no damage. x2
You shoot a sling bullet. The sling bullet hits Duvessa.
Duvessa is lightly wounded.
Duvessa hits you with a +0 short sword!
You shoot a sling bullet. The sling bullet hits the ogre.
The ogre is moderately wounded.
The ogre hits you but does no damage.
You hear an angry hiss.
You shoot a sling bullet.
The sling bullet hits the ogre but does no damage.
The ogre is moderately wounded.
You shoot a sling bullet. The sling bullet hits the ogre.
The ogre is moderately wounded.
The ogre hits you but does no damage.
You shoot a sling bullet. The sling bullet hits the ogre.
The ogre is heavily wounded.
An iguana comes into view.
The ogre barely misses you.
You shoot a sling bullet. The sling bullet hits the ogre.
The ogre is severely wounded.
The ogre hits you with a +0 giant club!!
You die...

.. #. .. #l
. #. #. #e
#. #O### ###
#..#)@.# #..
#...#.# #.#
###..># #.#
##########
###.# #.#
.........#
#.###.####.#
.#######.#
#.....%....#
.......#.#
#.###.######
######.#.#
### #.#
#.#.# #.#


You could see Duvessa (berserk, fast), an ogre and an iguana.

Vanquished Creatures
  Grinder (D:4)
  A black bear (D:4)
  2 scorpions
  Dowan (D:5)
  2 hounds
  A jelly (D:4)
  An orc priest (D:3)
  Jessica (D:3)
  2 iguanas
  6 adders
  3 worms
  3 dart slugs
  6 orcs
  5 bats
  8 endoplasms
  5 giant cockroaches
  5 hobgoblins
  4 jackals (D:1)
  4 quokkas
  7 ball pythons
  6 frilled lizards
  2 goblins
  7 kobolds
  3 rats (D:1)
86 creatures vanquished.

Notes
Turn   | Place    | Note
-------+----------+-------------------------------------------
     0 | D:1      | qw the Gargoyle Hexslinger began the quest for the Orb.
     0 | D:1      | Reached XP level 1. HP: 12/12 MP: 2/2
     0 | D:1      | 0 ||| qw: Version: 0.3-a-46-gb1f654a
     0 | D:1      | 0 ||| qw: Game counter: 1110
     0 | D:1      | 0 ||| qw: Melee chars always use a shield: true
     0 | D:1      | 0 ||| qw: God list: Okawaru
     0 | D:1      | 0 ||| qw: Allow faded altars: false
     0 | D:1      | 0 ||| qw: Do Orc after clearing Dungeon:15 true
     0 | D:1      | 0 ||| qw: Do second Lair branch before Depths: true
     0 | D:1      | 0 ||| qw: Lair rune preference: random
     0 | D:1      | 0 ||| qw: Goals: Normal
     0 | D:1      | 0 ||| PLANNING D:1-11
   147 | D:1      | Reached XP level 2. HP: 16/16 MP: 3/3
   392 | D:1      | Reached skill level 3 in Ranged Weapons
   410 | D:1      | Found a faded altar of an unknown god.
   486 | D:1      | Reached XP level 3. HP: 15/21 MP: 4/4
   620 | D:1      | 620 ||| UPGRADING to +0 pair of boots.
   625 | D:1      | 625 ||| UPGRADING to +0 ring mail.
   635 | D:1      | 635 ||| DROPPING +0 robe.
   636 | D:1      | 636 ||| READING scroll labelled ACUINU GIRGHATZ.
   637 | D:1      | 637 ||| READING 4 scrolls labelled HUMUTW RODWAUF.
   638 | D:1      | 638 ||| READING scroll labelled LUKLUA GAUSU.
   639 | D:1      | 639 ||| DRINKING 2 ruby potions.
   640 | D:1      | 640 ||| READING 3 scrolls of identify.
   640 | D:1      | 640 ||| IDENTIFYING metallic brown potion
   641 | D:1      | 641 ||| DROPPING scroll of poison.
   642 | D:1      | 642 ||| DROPPING potion of degeneration.
   726 | D:2      | Found a shimmering altar of Xom.
   745 | D:2      | Found Cuocasme's Magic Scroll Shoppe.
   761 | D:2      | 761 ||| SHOPLISTING scroll of enchant armour (97 gold, have
                  | 36).
   761 | D:2      | 761 ||| BUYING scroll of identify (26 gold).
   761 | D:2      | Bought a scroll of identify for 26 gold pieces
   761 | D:2      | 761 ||| SHOPLISTING scroll of identify (26 gold, have 10).
   766 | D:2      | Found Ofeer's Weapon Emporium.
   813 | D:2      | Reached skill level 1 in Armour
  1023 | D:2      | Found Uvetuet's Jewellery Emporium.
  1107 | D:2      | Found Ytiny's Armour Emporium.
  1117 | D:2      | 1117 ||| SHOPLISTING +1 pair of gloves of infusion (181
                  | gold, have 10).
  1117 | D:2      | 1117 ||| SHOPLISTING +2 pair of gloves of dexterity (236
                  | gold, have 10).
  1117 | D:2      | 1117 ||| SHOPLISTING +2 ring mail of cold resistance (231
                  | gold, have 10).
  1117 | D:2      | 1117 ||| SHOPLISTING +2 robe (139 gold, have 10).
  1162 | D:2      | Found Met Bedd's Armour Boutique.
  1170 | D:2      | 1170 ||| SHOPLISTING +1 cloak (138 gold, have 10).
  1170 | D:2      | 1170 ||| SHOPLISTING +2 leather armour of cold resistance
                  | (228 gold, have 10).
  1240 | D:2      | 1240 ||| UPGRADING to +4 ring of protection.
  1241 | D:2      | 1241 ||| READING 3 scrolls of identify.
  1241 | D:2      | 1241 ||| IDENTIFYING golden potion
  1303 | D:3      | Reached XP level 4. HP: 26/26 MP: 5/5
  1335 | D:3      | Found a runed translucent door.
  1336 | D:3      | Noticed Crazy Yiuf
  1437 | D:3      | Reached skill level 4 in Ranged Weapons
  1489 | D:3      | Noticed a scorpion
  1514 | D:3      | HP: 4/26 [scorpion (6)]
  1516 | D:3      | Killed a scorpion
  1517 | D:3      | Reached XP level 5. HP: 6/30 MP: 6/6
  1646 | D:3      | Reached skill level 5 in Ranged Weapons
  1812 | D:3      | Noticed Jessica
  1816 | D:3      | Killed Jessica
  1817 | D:3      | Reached skill level 3 in Fighting
  2162 | D:3      | 2162 ||| UPGRADING to +2 ring mail of cold resistance.
  2172 | D:3      | 2172 ||| DROPPING +0 ring mail.
  2173 | D:3      | 2173 ||| READING scroll labelled KAS AHAMMOBI.
  2213 | D:4      | Reached XP level 6. HP: 37/37 MP: 7/7
  2363 | D:4      | Found a burning altar of Makhleb.
  2410 | D:4      | Noticed Grinder
  2418 | D:4      | Paralysed by Grinder for 2 turns
  2421 | D:4      | Paralysed by Grinder for 5 turns
  2433 | D:4      | 2433 ||| FLEEEEING.
  2441 | D:4      | 2441 ||| FLEEEEING.
  2442 | D:4      | 2442 ||| FLEEEEING.
  2443 | D:4      | 2443 ||| FLEEEEING.
  2444 | D:4      | 2444 ||| FLEEEEING.
  2456 | D:4      | Paralysed by Grinder for 4 turns
  2468 | D:4      | Killed Grinder
  2469 | D:4      | Reached skill level 6 in Ranged Weapons
  2469 | D:4      | Reached XP level 7. HP: 15/41 MP: 8/8
  2609 | D:4      | Found a hazy altar of Hepliaklqana.
  2650 | D:4      | Found Vumenosu's General Store.
  3160 | D:4      | 3160 ||| SHOPLISTING +2 hat (176 gold, have 53).
  3160 | D:4      | 3160 ||| SHOPLISTING amulet of Salvation {Acrobat Will+
                  | Slay+3} (607 gold, have 53).
  3160 | D:4      | 3160 ||| BUYING scroll of identify (22 gold).
  3160 | D:4      | Bought a scroll of identify for 22 gold pieces
  3160 | D:4      | 3160 ||| READING 3 scrolls of identify.
  3160 | D:4      | 3160 ||| IDENTIFYING inky potion
  3161 | D:4      | 3161 ||| READING 2 scrolls of identify.
  3161 | D:4      | 3161 ||| IDENTIFYING cyan potion
  3162 | D:4      | 3162 ||| DROPPING potion of berserk rage.
  3232 | D:5      | Entered Level 5 of the Dungeon
  3247 | D:5      | Reached skill level 7 in Ranged Weapons
  3381 | D:5      | Noticed Duvessa
  3381 | D:5      | Noticed Dowan
  3392 | D:5      | Killed Dowan
  3398 | D:5      | HP: 8/44 [Duvessa/+0 short sword (15)]
  3403 | D:5      | Mangled by an ogre

Levels and vault maps discovered:
D:1:      tarquinn_simple_flora_water_d, layout_loops_cross,
          dreamdust_ecumenical_altar_grove
D:2:      layout_rooms, serial_shops, shop, shop, shop, shop, shop, basic_altar,
          kennysheep_donut
D:3:      layout_basic, uniq_jessica, uniq_crazy_yiuf_cottage
D:4:      layout_loops_ring, bloody_makhleb, worldfamousw_hep_ancestral_shrine,
          kennysheep_windowed_goal, uniq_grinder
D:5:      minmay_polygon_palace, layout_basic, minmay_temple_entry_junction,
          hangedman_decor_riveting, uniq_duvessa

Skill      XL: |  1  2  3  4  5  6  7 |
---------------+----------------------+-----
Ranged Weapons | 3 4 5 6 7 |  7.6
Fighting       | 2 3 4 |  4.3
Armour         | 1 |  1.0
Dodging        | |  1.5
Spellcasting   | |  1.0
Hexes          | |  2.6

Action                     |  1- 3 |  4- 6 |  7- 9 || total
---------------------------+-------+-------+-------++-------
   Fire: Sling             |   132 |   191 |    93 ||   416
    Use: Scroll            |     5 |     1 |     2 ||     8
         Potion            |     1 |       |       ||     1
 Armour: Robe              |    16 |       |       ||    16
         Ring mail         |    25 |    61 |    34 ||   120
  Dodge: Dodged            |    48 |    50 |    35 ||   133

Table legend:
 A = Non-vault XP
 B = Vault XP
 C = Vault XP percentage of total XP
 D = Non-vault monster count
 E = Vault monster count
 F = Vault count percentage of total count
                 A         B        C        D         E       F
            +---------+---------+-------+---------+---------+-------
      Total |     744 |     379 |  33.7 |      80 |       6 |   7.0
            +---------+---------+-------+---------+---------+-------
        D:1 |      36 |       0 |   0.0 |      23 |       0 |   0.0
        D:2 |      38 |       0 |   0.0 |      15 |       0 |   0.0
        D:3 |     206 |      37 |  15.2 |      23 |       1 |   4.2
        D:4 |     300 |     275 |  47.8 |      16 |       4 |  20.0
        D:5 |     164 |      67 |  29.0 |       3 |       1 |  25.0
            +---------+---------+-------+---------+---------+-------
